 Dungeon Crawl Stone Soup version 0.30-a0-718-geaa24f58ff (webtiles) character file.

Game seed: 307573560223285834

805 ragingrage the Cleaver (level 7, 0/57 HPs)
             Began as a Hill Orc Fighter on Jan 25, 2023.
             Slain by a troll (10 damage)
             ... on level 5 of the Dungeon.
             The game lasted 00:02:49 (3924 turns).

ragingrage the Cleaver (Hill Orc Fighter)           Turns: 3924, Time: 00:02:50

Health: 0/57       AC:  8    Str: 21    XL:     7   Next: 91%
Magic:  7/7        EV:  9    Int:  8    God:
Gold:   279        SH:  4    Dex: 10    Spells: 6/6 levels left

rFire   . . .      SeeInvis .    a - +0 war axe
rCold   . . .      Faith    .    c - +0 buckler
rNeg    . . .      Spirit   .    b - +0 scale mail
rPois   .          Reflect  .    (no helmet)
rElec   .          Harm     .    x - +0 cloak
rCorr   .          Rampage  .    (no gloves)
Will    .....                    (no boots) Stlth
                                 (no amulet)
HPRegen 0.29/turn                (no ring)
MPRegen 0.10/turn                (no ring)

@: no status effects
A: no striking features
a: no special abilities


You were on level 5 of the Dungeon.
You visited 1 branch of the dungeon, and saw 6 of its levels.

You collected 279 gold pieces.

Inventory:

Hand Weapons
 a - a +0 war axe (weapon)
 v - a +1 mace
Missiles
 l - 6 boomerangs (quivered)
 t - 2 poisoned darts
Armour
 b - a +0 scale mail (worn)
 c - a +0 buckler (worn)
 q - a scarf of repulsion
 x - a +0 cloak (worn)
Wands
 j - a wand of iceblast (11)
 m - a wand of charming (5)
Scrolls
 e - 7 scrolls of identify {unknown}
 f - 2 scrolls of fear {unknown}
 i - a scroll of enchant armour {unknown}
 k - 2 scrolls of amnesia {unknown}
 p - a scroll of noise {unknown}
 s - 2 scrolls of enchant weapon {unknown}
 u - a scroll of vulnerability {unknown}
Potions
 d - 5 potions of might
 g - a potion of curing {unknown}
 h - a potion of magic {unknown}
 n - a potion of degeneration {unknown}
 o - 2 potions of haste {unknown}
 r - a potion of berserk rage {unknown}
 w - a potion of heal wounds {unknown}


   Skills:
 - Level 3.6 Fighting
 + Level 11.4 Axes
 - Level 3.2 Armour
 - Level 3.2 Shields


You had 6 spell levels left.
You didn't know any spells.
Your spell library contained the following spells:

 Spells                   Type           Power      Damage    Failure   Level
 Dazzling Flash           Conj/Hex       0%         N/A       99%         3
 Agony                    Necr           0%         N/A       100%        5
 Silence                  Hex/Air        0%         N/A       100%        5


Dungeon Overview and Level Annotations

Branches:
Dungeon (6/15)
 Temple: D:4-7

Altars:
Ashenzari
Dithmenos
Fedhas
Hepliaklqana
Kikubaaqudgha
Okawaru
Ru

Portals:
Abyss: D:5

Annotations:
D:5 2 transporters, flotson's ghost, amateur DsDe


Message History

The hound bites you but does no damage. The adder bites you but does no damage.
You completely miss the hound.
The hound is moderately wounded.
You hit the adder but do no damage.
The hound pauses to sniff the ground.
The hound bites you but does no damage. The adder bites you but does no damage.
You slash the hound!
You kill the hound!
You barely miss the adder. The adder barely misses you.
You barely miss the adder. The adder bites you but does no damage.
You hit the adder but do no damage.
The adder bites you but does no damage. x2
You barely miss the adder. You block the adder's attack.
You barely miss the adder. The adder bites you but does no damage.
You slash the adder!
You kill the adder!
No target in view!
No target in view!
No target in view!
No target in view!
There is a stone staircase leading down, spattered with blood here.
A troll comes into view.
The troll shouts!
The troll moves out of view.
Okay, then.
You slash the troll!
The troll is moderately wounded.
The troll bites you! The troll claws you but does no damage.
The troll claws you.
You slash the troll!
The troll is severely wounded.
The troll bites you! The troll claws you!
* * * LOW HITPOINT WARNING * * *
The troll closely misses you.
Aiming: Charm
Press: ? - help, Shift-Dir - straight line, f - troll
Aim: a troll (severely wounded, chance to affect: 49%)
The troll resists with some effort.
The troll bites you.
* * * LOW HITPOINT WARNING * * *
The troll claws you!
You die...

#.###.## #.#.# #.## ##.#...## #.#
#..# #.#'###..###..#.#.## #.#
##.## #................... #.#
#..# ###................... #.#
##[## #.................##.. ..#
#..# #......[..###....####. ###
##.###.........#W##..##∩.## ###
#..####...T...#5.#.©#g....
#.####..# #..@#..##:##..####.#
#....##.# ##.....#..##...###.
#.##.##.###..##..#.#.##....#.
#.##.##..[..###..## . ###.##.#
####.##.##...>.......###...###...
........##.##.##.......#.# .W. #.
####.#####.##.##......##.##.##.#^
# #.# #.##.##.#...##.x..$..... #
#.#####.##.##....## ..####....


You could see a troll.

Vanquished Creatures
  A phantom (D:5)
  A bullfrog (D:4)
  3 scorpions
  4 wights
  An orc priest (D:5)
  3 hounds (D:5)
  2 iguanas
  6 adders
  A white imp (D:5)
  An ufetubus (D:5)
  A dart slug (D:4)
  4 orcs
  3 endoplasms
  4 goblins
  4 hobgoblins
  4 kobolds (D:4)
  3 quokkas
  4 ball pythons
  5 bats
  3 frilled lizards
  3 rats
61 creatures vanquished.

Notes
Turn   | Place    | Note
-------+----------+-------------------------------------------
     0 | D:1      | ragingrage the Hill Orc Fighter began the quest for the
                  | Orb.
     0 | D:1      | Reached XP level 1. HP: 19/19 MP: 1/1
   124 | D:1      | Reached skill level 3 in Axes
   200 | D:1      | Reached XP level 2. HP: 21/26 MP: 2/2
   231 | D:1      | Found a faded altar of an unknown god.
   312 | D:1      | You fall into a shaft and drop 1 floor!
   364 | D:2      | Reached skill level 4 in Axes
   529 | D:2      | Found a sacrificial altar of Ru.
   794 | D:2      | Reached XP level 3. HP: 31/31 MP: 3/3
  1209 | D:3      | Reached skill level 5 in Axes
  1642 | D:4      | Noticed a scorpion
  1652 | D:4      | Killed a scorpion
  1653 | D:4      | Reached skill level 6 in Axes
  1653 | D:4      | Reached XP level 4. HP: 35/39 MP: 4/4
  1724 | D:4      | Found an ancient bone altar of Kikubaaqudgha.
  1900 | D:4      | Reached XP level 5. HP: 43/45 MP: 5/5
  2030 | D:4      | Reached skill level 7 in Axes
  2219 | D:4      | Reached skill level 8 in Axes
  2220 | D:4      | Reached XP level 6. HP: 42/51 MP: 6/6
  2281 | D:4      | Found a hazy altar of Hepliaklqana.
  2536 | D:5      | Entered Level 5 of the Dungeon
  2893 | D:5      | Reached skill level 9 in Axes
  2933 | D:5      | Reached XP level 7. HP: 42/57 MP: 7/7
  3000 | D:5      | Reached skill level 10 in Axes
  3020 | D:5      | Found an iron altar of Okawaru.
  3025 | D:5      | Found a shadowy altar of Dithmenos.
  3205 | D:5      | Noticed flotson's ghost (amateur DsDe)
  3212 | D:5      | Found a transporter.
  3306 | D:5      | Reached skill level 11 in Axes
  3365 | D:5      | Found a broken altar of Ashenzari.
  3373 | D:5      | Found a blossoming altar of Fedhas.
  3569 | D:5      | Found a transporter.
  3569 | D:5      | Noticed a small abomination
  3570 | D:5      | Found a one-way gate to the infinite horrors of the Abyss.
  3918 | D:5      | Noticed a troll
  3924 | D:5      | Slain by a troll

Illustrated notes

Levels and vault maps discovered:
D:1:      dpeg_arrival_yet_another_circle, layout_basic, basic_ecumenical_altar,
          corexii_corridor_pit, interstate_on_off
D:2:      layout_basic, basic_altar
D:3:      layout_loops_cross
D:4:      layout_loops_ring, old_standard_altar, mainiacjoe_overflow_brackets
D:5:      layout_basic, gammafunk_temple_overflow_statue,
          grunt_temple_overflow_open, gammafunk_ghost_abyssal_escape,
          chequers_serial_rivers_small_a
D:6:      layout_rooms, minmay_temple_entry_statues_pillars, uniq_maggie,
          uniq_crazy_yiuf_cottage

Skill      XL: |  1  2  3  4  5  6  7 |
---------------+----------------------+-----
Axes           | 3 4 6 8 9 11 | 11.4
Fighting       | |  3.6
Armour         | |  3.2
Shields        | |  3.2

Action                     |  1- 3 |  4- 6 |  7- 9 || total
---------------------------+-------+-------+-------++-------
  Melee: War axe           |    71 |    78 |    78 ||   227
  Throw: Boomerang         |       |     3 |       ||     3
  Evoke: Wand              |       |       |     1 ||     1
 Armour: Scale mail        |    34 |    29 |    38 ||   101
  Dodge: Dodged            |    29 |    23 |    34 ||    86
         Repelled          |       |     1 |       ||     1
  Block: Buckler           |    14 |    15 |    18 ||    47

Table legend: (Time is in decaauts)
 A = Elapsed time spent in this place.
 B = Non-inter-level travel time spent in this place.
 C = Inter-level travel time spent in this place.
 D = Time resting spent in this place.
 E = Time spent auto-exploring this place.
 F = Levels seen in this place.
 G = Mean time per level.
                   A        B        C        D        E       F      G
               +--------+--------+--------+--------+--------+-----+--------+
         Total |   3960 |   3792 |    168 |    584 |   2671 |   6 |  660.0 |
       Dungeon |   3960 |   3792 |    168 |    584 |   2671 |   6 |  660.0 |
               +--------+--------+--------+--------+--------+-----+--------+

Top non-repeatable levels by time:
     D:5: 1274 daAuts
     D:4: 1068 daAuts
     D:2: 685 daAuts
     D:3: 604 daAuts
     D:1: 316 daAuts
     D:6: 10 daAuts
